 Dungeon Crawl Stone Soup version 0.18.1-8-gdd0e5ea (webtiles) character file.

8 jacquesderrida the Charmwright (level 2, 6/22 HPs)
             Began as a Demonspawn Skald on May 28, 2016.
             Quit the game on level 1 of the Dungeon.
             The game lasted 00:00:23 (231 turns).

jacquesderrida the Charmwright (Demonspawn Skald)    Turns: 231, Time: 00:00:23

Health: 6/22       AC:  3    Str: 12    XL:     2   Next: 0%
Magic:  1/5        EV: 11    Int: 13    God:
Gold:   31         SH:  0    Dex: 12    Spells: 1 memorised, 4 levels left

rFire  . . .     SeeInvis .     a - +0 spear
rCold  . . .     Gourm    .     b - +0 leather armour
rNeg   . . .     Faith    .     (no shield)
rPois  .         Spirit   .     (helmet restricted)
rElec  .         Dismiss  .     (no cloak)
rCorr  .         Reflect  .     (no gloves)
SustAt .         Harm     .     (no boots)
MR     .....                    (no amulet)
Stlth  +.........               (no ring)
                                (no ring)

@: infused (expiring), not resistant to hostile enchantments, very unstealthy
A: horns 1
a: no special abilities


You were on level 1 of the Dungeon.
You were not hungry.

You visited 1 branch of the dungeon, and saw 1 of its levels.

You collected 31 gold pieces.

Inventory:

Hand Weapons
 a - a +0 spear (weapon)
Armour
 b - a +0 leather armour (worn)
Scrolls
 e - a scroll of recharging {unknown}
 f - a scroll of remove curse {unknown}
 h - a scroll of fog {unknown}
Books
 c - a book of Battle

   Spells                             Type                      Level
   a - Infusion                       Charms                       1
   b - Shroud of Golubria             Charms/Translocation         2
   c - Song of Slaying                Charms                       2
   d - Spectral Weapon                Hexes/Charms                 3
   e - Regeneration                   Charms/Necromancy            3
Comestibles
 d - a bread ration
 g - a slice of pizza


   Skills:
 + Level 2.1 Fighting
 + Level 1.9 Polearms
 + Level 1.0 Armour
 + Level 0.8 Dodging
 + Level 2.1 Spellcasting
 + Level 2.9 Charms


You had 4 spell levels left.
You knew the following spells:

 Your Spells              Type           Power        Failure   Level  Hunger
a - Infusion              Chrm           #...         12%         1    ##.....


Dungeon Overview and Level Annotations

Branches:
Dungeon (1/15)

Altars:


Innate Abilities, Weirdness & Mutations

You have a pair of small horns on your head.


Message History

Attack whom?
Press: ? - help, Dir - move target cursor, f - giant cockroach
Aim: a giant cockroach (severely wounded, clinging)
You barely miss the giant cockroach.
The giant cockroach is severely wounded.
The giant cockroach bites you but does no damage.
Attack whom?
Press: ? - help, Dir - move target cursor, f/p - giant cockroach
Aim: a giant cockroach (severely wounded, clinging)
You barely miss the giant cockroach.
The giant cockroach is severely wounded.
The giant cockroach bites you but does no damage.
Attack whom?
Press: ? - help, Dir - move target cursor, f/p - giant cockroach
Aim: a giant cockroach (severely wounded, clinging)
You barely miss the giant cockroach.
The giant cockroach is severely wounded.
Your magical infusion is running out.
The giant cockroach bites you but does no damage.
Are you sure you want to abandon this character and quit the game? (Confirm with "yes".)

#.# ###..###.#.##
#.######## #..#
#[#.##
#........#########..#
#.#.##
#.######.#.........
#.#.## #.#
#.#.######.. #..[..
#.# #...# ###### #.#
#.#.# # #.#
####.#.#### #
#.###....#.@s.# #
#.....#######$# #
#####....#...s# #
####.#........# #
#....##### ###
....... ##..
#..###.#. ##... #..
#.#.########.... #.
#.# ............


You could see a giant cockroach.

Vanquished Creatures
  3 giant cockroaches (D:1)
  2 kobolds (D:1)
  2 giant newts (D:1)
  A goblin (D:1)
8 creatures vanquished.

Notes
Turn   | Place    | Note
--------------------------------------------------------------
     0 | D:1      | jacquesderrida the Demonspawn Skald began the quest for the Orb.
     0 | D:1      | Reached XP level 1. HP: 16/16 MP: 3/3
   124 | D:1      | Reached skill level 1 in Armour
   227 | D:1      | Gained mutation: You have a pair of small horns on your head. [demonic ancestry]
   227 | D:1      | Reached XP level 2. HP: 5/22 MP: 1/5
   231 | D:1      | Quit the game

Skill      XL: |  1 |
---------------+----+-----
Armour         | 1 |  1.0
Fighting       | |  2.1
Polearms       | |  1.9
Dodging        | |  0.8
Spellcasting   | |  2.1
Charms         | |  2.9

Action                   || total
-------------------------++-------
Melee: Spear             ||    43
 Cast: Infusion          ||     1
 Stab: Sleeping          ||     1
Armor: Leather armour    ||    12
Dodge: Dodged            ||    21
